 Dungeon Crawl Stone Soup version 0.24-a0-434-gd57e52fea8 (webtiles) character file.

Game seed: 17769318732889881802

22757 Azzok the Cleaver (level 13, -3/86 HPs)
             Began as a Formicid Fighter on June 15, 2019.
             Was a High Priest of Okawaru.
             Slain by a molten gargoyle
             ... wielding a +0 flail
              (11 damage)
             ... in a volcano.
             The game lasted 00:24:31 (15067 turns).

Azzok the Cleaver (Formicid Fighter)               Turns: 15067, Time: 00:24:32

Health: -3/86      AC: 18    Str: 24    XL:     13   Next: 30%
Magic:  0/20       EV: 10    Int: 10    God:    Okawaru [*****.]
Gold:   945        SH: 13    Dex: 10    Spells: 12/12 levels left

rFire    . . .     SeeInvis +   b - +3 battleaxe (elec)
rCold    . . .     Gourm    .   c - +0 shield
rNeg     + + .     Faith    .   y - +4 chain mail {rN+}
rPois    .         Spirit   +   (helmet unavailable)
rElec    .         Reflect  .   G - scarf {cloud immunity}
rCorr    .         Harm     .   (no gloves)
MR       +....                  x - +0 pair of boots
Stlth    ..........             C - amulet of guardian spirit
HPRegen  0.24/turn              n - ring of positive energy
MPRegen  0.17/turn              (no ring)

@: heroism
A: permanent stasis, dig shafts and tunnels, four strong arms, antennae 3
a: Dig, Shaft Self, Heroism, Finesse, Renounce Religion


You were in a volcano.
You worshipped Okawaru.
Okawaru was extremely pleased with you.
You were not hungry.

You visited 3 branches of the dungeon, and saw 14 of its levels.
You also visited: Volcano.

You collected 945 gold pieces.

Inventory:

Hand Weapons
 a - a +3 hand axe of flaming
 b - a +3 battleaxe of electrocution (weapon)
Armour
 c - a +0 shield (worn)
 x - a +0 pair of boots (worn)
 y - a +4 chain mail of positive energy (worn)
 z - a +0 cloak
 G - a scarf of cloud immunity (worn)
Jewellery
 n - a ring of positive energy (left hand)
 C - an amulet of guardian spirit (around neck)
Wands
 r - a wand of iceblast (8)
 u - a wand of acid (17)
 v - a wand of flame (3)
 B - a wand of disintegration (18)
Scrolls
 e - 8 scrolls of remove curse {unknown}
 j - 2 scrolls of fear {unknown}
 k - 6 scrolls of enchant weapon {unknown}
 l - 2 scrolls of random uselessness {unknown}
 m - 2 scrolls of fog {unknown}
 o - 2 scrolls of noise {unknown}
 p - 5 scrolls of blinking {unknown}
 s - a scroll of enchant armour {unknown}
 t - 5 scrolls of teleportation {unknown}
 E - a scroll of immolation {unknown}
Potions
 g - a potion of mutation {!q}
 i - 4 potions of agility
 q - 2 potions of ambrosia
 w - 3 potions of curing
 D - a potion of lignification
 I - a potion of cancellation
Miscellaneous
 F - a box of beasts
Comestibles
 f - 29 rations


   Skills:
 - Level 3.2(8.2) Fighting
 + Level 14.3(19.3) Axes
 + Level 8.0(13.0) Armour
 - Level 9.0(14.0) Shields
 - Level 10.0 Invocations
 - Level 10.0 Evocations


You had 12 spell levels left.
You didn't know any spells.
Your spell library contained the following spells:

 Spells                   Type           Power        Failure   Level  Hunger
 Flame Tongue             Conj/Fire      #....        87%         1    ##.....
 Magic Dart               Conj           #...         87%         1    ##.....
 Summon Small Mammal      Summ           #...         87%         1    ##.....
 Call Imp                 Summ           #.......     95%         2    ###....
 Searing Ray              Conj           #.....       95%         2    ###....
 Slow                     Hex            #.......     95%         2    ###....
 Throw Flame              Conj/Fire      #.....       95%         2    ###....
 Call Canine Familiar     Summ           #.......     99%         3    ####...
 Conjure Flame            Conj/Fire      #.......     99%         3    ####...
 Dazzling Spray           Conj/Hex       #.....       99%         3    ####...
 Inner Flame              Hex/Fire       #.......     99%         3    ####...
 Mephitic Cloud           Conj/Pois/Air  #.......     99%         3    ####...
 Summon Guardian Golem    Hex/Summ       #.......     99%         3    ####...
 Cause Fear               Hex            #.........   100%        4    #####..
 Force Lance              Conj/Tloc      #.......     100%        4    #####..
 Fulminant Prism          Conj/Hex       #.........   100%        4    #####..
 Iskenderun's Mystic Bla  Conj           #.......     100%        4    #####..
 Sticky Flame             Conj/Fire      #.......     100%        4    #####..
 Summon Ice Beast         Ice/Summ       #.......     100%        4    #####..
 Summon Lightning Spire   Summ/Air       #.......     100%        4    #####..
 Fireball                 Conj/Fire      #.........   100%        5    ######.
 Silence                  Hex/Air        #.........   100%        5    ######.
 Yara's Violent Unravell  Hex/Tmut       #.........   100%        5    ######.
 Deflect Missiles         Chrm/Air       #.........   100%        6    #######
 Discord                  Hex            #.........   100%        8    #######
 Blink                    Tloc           Unusable     N/A         2    N/A

Dungeon Overview and Level Annotations

Branches:
Dungeon (12/15)            Temple (1/1) D:5            Lair (1/6) D:8
    Orc (0/2) D:10

Altars:
Ashenzari
Cheibriados
Dithmenos
Elyvilon
Fedhas
Gozag
Hepliaklqana
Kikubaaqudgha
Makhleb
Nemelex Xobeh
Okawaru
Qazlal
Ru
Sif Muna
Trog
Uskayaw
Vehumet
Wu Jian
Xom
Yredelemnul
Zin
The Shining One

Shops:
D:7 :

Annotations:
D:4 3 runed translucent doors, Azzok's ghost, amateur FoFi


Innate Abilities, Weirdness & Mutations

You cannot be hasted, slowed, berserked, paralysed or teleported.
You can dig through walls and to a lower floor.
Your four strong arms can wield two-handed weapons with a shield.
You have a pair of large antennae on your head. (SInv)


Message History

* * * LOW MAGIC WARNING * * *;
* * * LOW HITPOINT WARNING * * *
There is an open door here.
You see here a +0 mace.
You slash the molten gargoyle!
The molten gargoyle is moderately damaged.
You block the molten gargoyle's attack.
You don't have enough magic at the moment.
You feel much better.
It was a potion of haste.
Your stasis prevents you from being hasted.
The molten gargoyle hits you with a +0 flail.
* * * LOW MAGIC WARNING * * *;
* * * LOW HITPOINT WARNING * * *
You are engulfed in flames!
* * * LOW HITPOINT WARNING * * *
You slice the molten gargoyle!!
The molten gargoyle is almost destroyed.
The molten gargoyle hits you with a +0 flail.
* * * LOW HITPOINT WARNING * * *
You are engulfed in flames!
You die...

≈≈··▒▒▒
≈≈≈§···
k≈≈≈≈≈·
≈k≈≈≈≈·
≈≈≈§··▒ {{
≈≈··· { ▒▒9·▒
▒@▒ ▒·▒▒
▒▒·≈▒▒·▒▒
▒▒☼≈≈≈▒▒·▒▒
▒▒☼≈≈{≈▒▒▒·▒▒
▒·§☼≈≈§▒▒▒··▒
▒☼≈≈≈≈v▒▒·▒▒
▒☼☼v≈▒▒··▒
▒▒╬▒▒▒'▒▒▒


You could see 2 lindwurms and a molten gargoyle.

Vanquished Creatures
  Josephine (D:11)
  A hydra (D:11)
  2 two-headed ogres
  Sonja (D:10)
  2 unseen horrors (D:10)
  2 cyclopes
  An ugly thing (D:11)
  A toenail golem (Volcano)
  A centaur zombie (D:9)
  Joseph (D:10)
  2 spiny frogs (Lair:1)
  An efreet (Volcano)
  A komodo dragon (D:8)
  A tengu conjurer (D:10)
  A hornet (D:10)
  4 slime creatures
  Grinder (D:3)
  4 hippogriffs (D:10)
  3 wyverns
  3 wraiths (D:11)
  4 hogs
  9 yaks
  3 hungry ghosts
  A human (D:7)
  3 basilisks
  Menkaure (D:5)
  An acid dragon (D:8)
  A water moccasin (Lair:1)
  2 hell hounds (Lair:1)
  6 orc warriors
  2 porcupines (Lair:1)
  A swamp drake (D:10)
  A hornet zombie (D:10)
  4 sky beasts
  4 ice beasts
  4 ogres
  4 phantoms
  14 centaurs
  3 crocodiles
  A big kobold (D:9)
  11 bullfrogs
  An earth elemental (Volcano)
  3 scorpions
  14 killer bees
  8 wights
  2 howler monkeys
  6 crimson imps
  2 bullfrog zombies
  A jelly (D:7)
  A wyvern simulacrum (D:9)
  5 hounds
  A gnoll shaman (D:7)
  4 centaur skeletons
  10 orc priests
  9 orc wizards
  A bullfrog skeleton (D:10)
  Terence (D:3)
  5 iguanas
  Ijyb (D:3)
  7 worker ants
  A killer bee zombie (D:9)
  A centaur simulacrum (D:9)
  A hound zombie (D:10)
  A hound skeleton (D:10)
  Robin (D:3)
  A howler monkey skeleton (D:5)
  2 worker ant zombies
  18 adders
  6 shadow imps
  2 white imps (D:9)
  An ooze (D:4)
  2 adder skeletons
  2 adder zombies
  3 worms
  3 dart slugs (D:3)
  7 leopard geckos
  51 orcs
  A giant cockroach (D:1)
  13 goblins
  7 hobgoblins
  7 quokkas
  4 ball pythons
  7 bats
  A frilled lizard (D:2)
  A jackal skeleton (D:9)
  12 kobolds
  A quokka skeleton (D:7)
  A quokka zombie (D:6)
  5 rats
359 creatures vanquished.

Vanquished Creatures (others)
  A molten gargoyle (Volcano)
1 creature vanquished.

Grand Total: 360 creatures vanquished

Notes
Turn   | Place    | Note
-------+----------+-------------------------------------------
     0 | D:1      | Azzok the Formicid Fighter began the quest for the Orb.
     0 | D:1      | Reached XP level 1. HP: 18/18 MP: 1/1
   275 | D:1      | Reached XP level 2. HP: 24/24 MP: 2/2
   785 | D:2      | Reached XP level 3. HP: 24/29 MP: 3/3
  1326 | D:2      | Reached skill level 3 in Axes
  1376 | D:2      | Reached XP level 4. HP: 33/35 MP: 4/4
  1685 | D:3      | Noticed Grinder
  1721 | D:3      | Killed Grinder
  1721 | D:3      | Reached skill level 4 in Axes
  1721 | D:3      | Reached XP level 5. HP: 13/41 MP: 5/5
  1721 | D:3      | Reached XP level 6. HP: 15/47 MP: 6/6
  2224 | D:3      | Noticed Ijyb
  2263 | D:3      | Killed Ijyb
  2435 | D:3      | Noticed Robin
  2443 | D:3      | Killed Robin
  2595 | D:3      | Found a snail-covered altar of Cheibriados.
  2699 | D:3      | Noticed Terence
  2706 | D:3      | Killed Terence
  2706 | D:3      | Reached skill level 5 in Axes
  2770 | D:3      | Reached XP level 7. HP: 50/52 MP: 7/7
  3021 | D:4      | Found a runed translucent gate.
  3022 | D:4      | Found a runed translucent gate.
  3022 | D:4      | Found an opulent altar of Gozag.
  3023 | D:4      | Found a runed translucent gate.
  3025 | D:4      | Noticed Azzok's ghost (amateur FoFi)
  3321 | D:4      | Found a shattered altar of Ashenzari.
  3642 | D:5      | Entered Level 5 of the Dungeon
  3835 | D:5      | Reached skill level 6 in Axes
  4032 | D:5      | Found an opulent altar of Gozag.
  4032 | D:5      | Found a sparkling altar of Nemelex Xobeh.
  4235 | D:5      | Noticed Menkaure
  4242 | D:5      | Killed Menkaure
  4242 | D:5      | Reached XP level 8. HP: 56/58 MP: 8/8
  4257 | D:5      | Found a staircase to the Ecumenical Temple.
  4281 | Temple   | Entered the Ecumenical Temple
  4435 | D:5      | Found a glowing golden altar of the Shining One.
  4826 | D:6      | Found a shimmering altar of Xom.
  4828 | D:6      | Found a deep blue altar of Sif Muna.
  4834 | D:6      | Found a blossoming altar of Fedhas.
  4963 | D:5      | Reached skill level 7 in Axes
  5209 | D:6      | Reached skill level 1 in Evocations
  5305 | D:6      | Reached XP level 9. HP: 64/64 MP: 10/10
  5666 | D:7      | Reached skill level 8 in Axes
  5850 | D:7      | Found a glowing silver altar of Zin.
  5851 | D:7      | Found an iron altar of Okawaru.
  5852 | D:7      | Found a sacrificial altar of Ru.
  6001 | D:7      | Became a worshipper of Warmaster Okawaru
  6038 | D:7      | Reached skill level 1 in Invocations
  6057 | D:7      | Reached skill level 5 in Evocations
  6065 | D:7      | Reached * piety under Okawaru
  6159 | D:7      | Found Sydiong's Book Emporium.
  6368 | D:7      | Reached skill level 9 in Axes
  6544 | D:7      | Reached XP level 10. HP: 50/70 MP: 10/14
  7148 | D:8      | Reached ** piety under Okawaru
  7244 | D:8      | Reached skill level 5 in Invocations
  7448 | D:8      | Noticed a komodo dragon
  7462 | D:8      | Killed a komodo dragon
  7674 | D:8      | Found a staircase to the Lair.
  7883 | D:8      | Reached skill level 10 in Axes
  8429 | D:9      | Reached *** piety under Okawaru
  8519 | D:9      | Reached XP level 11. HP: 75/75 MP: 17/17
  8867 | D:9      | Noticed a two-headed ogre
  8894 | D:9      | Killed a two-headed ogre
  9435 | D:10     | Entered Level 10 of the Dungeon
  9662 | D:10     | Noticed Joseph
  9676 | D:10     | Killed Joseph
  9676 | D:10     | Reached **** piety under Okawaru
  9676 | D:10     | Reached skill level 11 in Axes
 10133 | D:10     | Noticed an unseen horror
 10151 | D:10     | Killed an unseen horror
 10554 | D:10     | Reached skill level 10 in Evocations
 10577 | D:10     | Reached ***** piety under Okawaru
 10652 | D:10     | Noticed Sonja
 10667 | D:10     | Killed Sonja
 10667 | D:10     | Reached skill level 10 in Invocations
 10667 | D:10     | Reached XP level 12. HP: 64/81 MP: 14/19
 11001 | D:10     | Reached skill level 12 in Axes
 11696 | D:10     | Found a staircase to the Orcish Mines.
 11703 | D:10     | Noticed an unseen horror
 11716 | D:10     | Killed an unseen horror
 11716 | D:10     | Received a gift from Okawaru
 11716 | D:10     | Reached skill level 13 in Axes
 12062 | D:11     | Noticed a seven-headed hydra
 12082 | D:11     | Killed a one-headed hydra
 12220 | D:11     | Noticed a two-headed ogre
 12224 | D:11     | Killed a two-headed ogre
 12272 | D:11     | Noticed Josephine
 12296 | D:11     | Reached skill level 5 in Armour
 12298 | D:11     | Killed Josephine
 12298 | D:11     | Received a gift from Okawaru
 12731 | D:11     | Found a blossoming altar of Fedhas.
 13092 | D:12     | Reached XP level 13. HP: 54/86 MP: 12/20
 13464 | D:12     | Reached skill level 14 in Axes
 14182 | Lair:1   | Entered Level 1 of the Lair of Beasts
 14739 | Lair:1   | Found a dark tunnel.
 14753 | Volcano  | Entered a volcano
 15063 | Volcano  | HP: 1/86 [lindwurm/blast of flame (28)]
 15067 | Volcano  | Slain by a molten gargoyle

Levels and vault maps discovered:
D:1:      scummos_arrival_gate, layout_rooms, serial_glass, glass_columns_a,
          glass_columns_a, glass_columns_a, glass_columns_a, glass_columns_a,
          glass_columns_a, glass_columns_b, glass_columns_c, item_on_display_a,
          due_unseen_surprise, item_on_display_a, minmay_misc_feat_columns,
          st_stairs_12, minivault_19, nrook_mini_vaults, roderic_roman_lattice
D:2:      layout_basic
D:3:      layout_loops_ring, kennysheep_slug_shrine, st_stairs_7,
          kennysheep_generic_room_4, uniq_grinder, uniq_terence, uniq_robin,
          uniq_ijyb
D:4:      layout_cave_pods, ashenzari_altar_1, ebering_ghost_gozag, first_ration
D:5:      layout_loops_ring, grunt_temple_overflow_opulence,
          kennysheep_mini_moat, minmay_temple_entry_drinking_statues,
          uniq_menkaure
D:6:      layout_loops_ring, minitemple
D:7:      kennysheep_windowed_halls, layout_loops_ring,
          chequers_temple_overflow_statue_of_worship, serial_shops,
          nicolae_shop_crystal, chequers_mini_garden, minmay_stone_trees_small,
          grunt_livestock
D:8:      layout_rooms, erik_lair_dragon, kennysheep_diamond, nicolae_wwwww,
          minmay_misc_feat_tower
D:9:      layout_long_grid, serial_ice, serial_ice_m, serial_ice_h,
          serial_ice_c, serial_ice_d
D:10:     minmay_quarter_circles, layout_rooms, erik_orc_1, uniq_joseph,
          uniq_sonja
D:11:     layout_cave_pools, mrwooster_statue_mirror, fedhas_altar_3,
          uniq_josephine
D:12:     layout_loops_ring
Temple:   minmay_freezing_vapour_temple
Lair:1:   layout_regular_city, enter_volcano_3
Volcano:  volcano_aerie

Skill      XL: |  1  2  3  4  5  6  7  8  9 10 11 12 13 |
---------------+----------------------------------------+-----
Shields        | 4 6 8 9 |  9.0
Axes           | 3 4 5 6 7 9 10 11 13 14 | 14.3
Evocations     | 2 5 8 10 | 10.0
Invocations    | 3 7 10 | 10.0
Armour         | 6 8 |  8.0
Fighting       | |  3.2

Action                   |  1- 3 |  4- 6 |  7- 9 | 10-12 | 13-15 || total
-------------------------+-------+-------+-------+-------+-------++-------
Melee: War axe           |    69 |   132 |       |   143 |       ||   344
       Hand axe          |       |     3 |   297 |   539 |       ||   839
       Battleaxe         |       |       |       |    71 |   119 ||   190
Invok: Heroism           |       |       |       |    15 |     3 ||    18
       Finesse           |       |       |       |     1 |       ||     1
Evoke: Wand              |       |       |       |     3 |       ||     3
  Use: Scroll            |       |       |     8 |     7 |     1 ||    16
       Potion            |       |       |       |     4 |     2 ||     6
  Eat: Chunk             |     1 |     5 |    12 |    22 |       ||    40
       Ration            |       |       |       |       |     3 ||     3
Armor: Scale mail        |    34 |    47 |       |       |       ||    81
       Chain mail        |       |     4 |   105 |   267 |    50 ||   426
Dodge: Dodged            |    24 |    46 |    51 |   205 |    30 ||   356
Block: Buckler           |    13 |    26 |    25 |       |       ||    64
       Shield            |       |       |    68 |   378 |    46 ||   492

Table legend:
 A = Non-vault XP
 B = Vault XP
 C = Vault XP percentage of total XP
 D = Non-vault monster count
 E = Vault monster count
 F = Vault count percentage of total count
                 A         B        C        D         E       F
            +---------+---------+-------+---------+---------+-------
      Total |   20630 |   11881 |  36.5 |     259 |     101 |  28.1
            +---------+---------+-------+---------+---------+-------
        D:1 |      20 |       1 |   4.8 |      13 |       1 |   7.1
        D:2 |      60 |       0 |   0.0 |      21 |       0 |   0.0
        D:3 |      56 |     382 |  87.2 |      22 |      15 |  40.5
        D:4 |      32 |       0 |   0.0 |       6 |       0 |   0.0
        D:5 |     729 |     172 |  19.1 |      15 |       1 |   6.2
        D:6 |     683 |     407 |  37.3 |      18 |       2 |  10.0
        D:7 |     469 |    1173 |  71.4 |       9 |      18 |  66.7
        D:8 |     842 |    1364 |  61.8 |      20 |       8 |  28.6
        D:9 |    3541 |      93 |   2.6 |      35 |       4 |  10.3
       D:10 |    5648 |    4983 |  46.9 |      50 |      42 |  45.7
       D:11 |    4089 |    1669 |  29.0 |      19 |       4 |  17.4
       D:12 |    3111 |       0 |   0.0 |      24 |       0 |   0.0
     Temple |      13 |       0 |   0.0 |       1 |       0 |   0.0
     Lair:1 |    1337 |     284 |  17.5 |       6 |       2 |  25.0
    Volcano |       0 |    1353 | 100.0 |       0 |       4 | 100.0
            +---------+---------+-------+---------+---------+-------
